 Dungeon Crawl Stone Soup version 0.29.1-13-g9f3cf754e1 (webtiles) character file.

Game seed: 4982590126322806493

4590 cheesebisquit the Marksminotaur (level 10, 0/77 HPs)
             Began as a Minotaur Hunter on Jan 29, 2023.
             Was a Priest of Okawaru.
             Slain by a boulder beetle (3 damage)
             ... on level 9 of the Dungeon.
             The game lasted 00:27:52 (10284 turns).

cheesebisquit the Marksminotaur (Minotaur Hunter)  Turns: 10284, Time: 00:27:53

Health: 0/77       AC: 10    Str: 16    XL:     10   Next: 18%
Magic:  0/10       EV: 12    Int:  6    God:    Okawaru [***...]
Gold:   623        SH:  0    Dex: 24    Spells: 9/9 levels left

rFire   . . .      SeeInvis .   a - +3 shortbow
rCold   . . .      Faith    .   (shield currently unavailable)
rNeg    . . .      Spirit   +   e - +0 ring mail
rPois   .          Reflect  .   (helmet restricted)
rElec   .          Harm     .   A - +0 cloak
rCorr   .          Rampage  .   (no gloves)
Will    .....                   (no boots)
Stlth   ++........              j - amulet of guardian spirit
HPRegen 0.22/turn               q - +4 ring of protection
MPRegen 0.12/turn               C - +6 ring of dexterity

@: about to teleport
A: horns 2, retaliatory headbutt
a: Renounce Religion, Heroism


You were on level 9 of the Dungeon.
You worshipped Okawaru.
Okawaru was most pleased with you.
You visited 2 branches of the dungeon, and saw 10 of its levels.

You collected 623 gold pieces.

Inventory:

Hand Weapons
 a - a +3 shortbow (weapon)
Missiles
 g - 43 poisoned darts
Armour
 e - a +0 ring mail (worn)
 m - a +0 chain mail
 A - a +0 cloak (worn)
 G - a +0 plate armour
Jewellery
 j - an amulet of guardian spirit (around neck)
 q - a +4 ring of protection (left hand)
 C - a +6 ring of dexterity (right hand)
 D - a ring of positive energy
Wands
 o - a wand of iceblast (9)
 y - a wand of digging (11)
 z - a wand of mindburst (10)
 E - a wand of flame (35)
Scrolls
 b - 3 scrolls of immolation
 c - 2 scrolls of poison
 d - 7 scrolls of teleportation
 f - a scroll of magic mapping
 p - a scroll of enchant armour {unknown}
 r - a scroll of vulnerability {unknown}
 s - a scroll of brand weapon {unknown}
 x - a scroll of noise {unknown}
 B - a scroll of blinking {unknown}
 F - a scroll of summoning {unknown}
Potions
 h - 2 potions of lignification
 i - 6 potions of attraction
 k - a potion of invisibility
 l - 2 potions of berserk rage
 n - a potion of flight
 t - a potion of cancellation {unknown}
 u - 2 potions of brilliance
 w - a potion of ambrosia
 H - a potion of might


   Skills:
 + Level 3.3 Fighting
 + Level 16.1 Ranged Weapons
 + Level 1.9 Armour
 - Level 2.3 Dodging
 - Level 0.9 Stealth
 + Level 1.5 Invocations


You had 9 spell levels left.
You didn't know any spells.
Your spell library contained the following spells:

 Spells                   Type           Power      Damage    Failure   Level
 Foxfire                  Conj/Fire      0%         2x1d4     67%         1
 Freeze                   Ice            0%         1d3       67%         1
 Necrotise                Necr           0%         1d4       67%         1
 Ensorcelled Hibernation  Hex/Ice        0%         N/A       80%         2
 Passwall                 Tmut/Erth      0%         N/A       80%         2
 Static Discharge         Conj/Air       0%         3-3/arc   80%         2
 Frozen Ramparts          Ice            0%         1d1       95%         3
 Stone Arrow              Conj/Erth      0%         3d7       95%         3
 Swiftness                Air            0%         N/A       95%         3
 Teleport Other           Tloc           0%         N/A       95%         3
 Vampiric Draining        Necr           0%         2d6       95%         3
 Hailstorm                Conj/Ice       0%         3d3       100%        4
 Agony                    Necr           0%         N/A       100%        5
 Lightning Bolt           Conj/Air       0%         1d11      100%        5
 Lehudib's Crystal Spear  Conj/Erth      0%         10d2      100%        8
 Animate Armour           Summ/Erth      Unusable   N/A       N/A         4
 Summon Forest            Summ/Tloc      Unusable   N/A       N/A         5

Dungeon Overview and Level Annotations

Branches:
Dungeon (9/15)             Temple (1/1) D:4            Lair (0/5) D:9
    Orc: D:9-12

Altars:
Cheibriados
Dithmenos
Elyvilon
Fedhas
Gozag
Hepliaklqana
Kikubaaqudgha
Makhleb
Nemelex Xobeh
Okawaru
Qazlal
Ru
Sif Muna
Trog
Uskayaw
Vehumet
Wu Jian
Xom
Yredelemnul
Zin
The Shining One

Annotations:
D:4 3 runed translucent doors, GigaChad's ghost, amateur MiFi; Taurus's ghost, weakling FeSu


Innate Abilities, Weirdness & Mutations

You have a pair of horns on your head.
You reflexively headbutt those who attack you in melee.


Message History

A boulder beetle comes into view.
Found a human corpse.
Okay, then.
Okay, then.
You shoot an arrow.
The arrow hits the boulder beetle but does no damage.
You shoot an arrow. The arrow hits the boulder beetle.
The boulder beetle is lightly wounded.
The boulder beetle curls into a ball and begins rolling!
You shoot an arrow.
The arrow barely misses the boulder beetle.
The boulder beetle attacks as you move away!
The boulder beetle hits you!!!
Ouch! That really hurt!
The boulder beetle stops rolling and uncurls.
You are too injured to fight recklessly!
Fire: a) +3 shortbow
Press: ? - help, Q - select action, (/) - cycle Shift-Dir - straight line, f/p - boulder beetle
Aim: a boulder beetle (lightly wounded, 92% to hit)
You shoot an arrow.
The arrow hits the boulder beetle but does no damage.
The boulder beetle is lightly wounded.
The boulder beetle barely misses you.
Okay, then.
Fire: a) +3 shortbow
Press: ? - help, Q - select action, (/) - cycle Shift-Dir - straight line, f/p - boulder beetle
Aim: a boulder beetle (lightly wounded, 92% to hit)
You shoot an arrow. The arrow hits the boulder beetle.
The boulder beetle is lightly wounded.
The boulder beetle bites you!!
* * * LOW HITPOINT WARNING * * *
Okay, then.
Okay, then.
You feel better. The boulder beetle bites you!
* * * LOW HITPOINT WARNING * * *
You feel better. The boulder beetle bites you!!
* * * LOW HITPOINT WARNING * * *
As you read the scroll of teleportation, it crumbles to dust.
You feel strangely unstable. The boulder beetle bites you.
You die...

............#
.....).....##
.........#.#
...#....##.#########
...#...............#
...#...............###
########..>..........#
.......#........B#○..#
..).)...........@#B..#
..)).........#####.°.#
.............# .!.#
##'###.......# ...#
##.# #.......# .†.#
##.# #.......# ...#
##.# #.......# ...#
#......... ####
#.......##


You could see a boulder beetle.

Vanquished Creatures
  A two-headed ogre (D:8)
  Pikel (D:5)
  A wyvern (D:9)
  Eustachio (D:4)
  2 steam dragons
  3 orc warriors
  2 ice beasts (D:7)
  2 black bears
  A centaur (D:8)
  3 kobold brigands
  6 bullfrogs
  3 phantoms
  2 necrophages
  2 scorpions
  3 wights (D:9)
  4 killer bees (D:9)
  4 howler monkeys
  2 jellies
  4 orc priests (D:8)
  A gnoll bouda (D:7)
  2 hounds
  3 iguanas
  5 orc wizards
  3 gnolls (D:7)
  5 adders
  3 shadow imps
  A white imp (D:8)
  An ufetubus (D:5)
  5 worms
  2 dart slugs (D:2)
  27 orcs
  5 endoplasms
  2 giant cockroaches
  8 goblins
  7 hobgoblins
  6 jackals
  7 quokkas
  9 ball pythons
  8 bats
  A frilled lizard (D:1)
  19 kobolds
  5 rats
182 creatures vanquished.

Vanquished Creatures (others)
  A gnoll (D:7)
  19 fungi (D:9)
  90 plants
  6 withered plants (D:4)
116 creatures vanquished.

Grand Total: 298 creatures vanquished

Notes
Turn   | Place    | Note
-------+----------+-------------------------------------------
     0 | D:1      | cheesebisquit the Minotaur Hunter began the quest for the
                  | Orb.
     0 | D:1      | Reached XP level 1. HP: 18/18 MP: 0/0
   156 | D:1      | Found a faded altar of an unknown god.
   169 | D:1      | Reached XP level 2. HP: 24/25 MP: 1/1
   709 | D:1      | Reached skill level 5 in Ranged Weapons
  1057 | D:2      | Reached XP level 3. HP: 21/30 MP: 2/2
  1460 | D:2      | Found a radiant altar of Vehumet.
  1517 | D:2      | Reached skill level 6 in Ranged Weapons
  1886 | D:2      | Reached XP level 4. HP: 32/37 MP: 3/3
  1933 | D:2      | Got Mugaomie's Folio of Destructive Coordinates
  2138 | D:2      | Found a stormy altar of Qazlal.
  3206 | D:4      | Found a staircase to the Ecumenical Temple.
  3216 | D:4      | Found a sparkling altar of Nemelex Xobeh.
  3221 | Temple   | Entered the Ecumenical Temple
  3230 | Temple   | Became a worshipper of Warmaster Okawaru
  3439 | D:4      | Noticed Eustachio
  3675 | D:4      | Reached skill level 7 in Ranged Weapons
  3675 | D:4      | Reached XP level 5. HP: 42/42 MP: 4/4
  3684 | D:4      | Noticed a phantom
  3691 | D:4      | Killed a phantom
  3750 | D:4      | Found a runed translucent gate.
  3751 | D:4      | Found a runed translucent gate.
  3751 | D:4      | Found a runed translucent gate.
  3753 | D:4      | Noticed GigaChad's ghost (amateur MiFi)
  3753 | D:4      | Noticed Taurus's ghost (weakling FeSu)
  4007 | D:4      | Killed Eustachio
  4008 | D:4      | Reached skill level 8 in Ranged Weapons
  4008 | D:4      | Reached XP level 6. HP: 45/50 MP: 5/5
  4301 | D:5      | Entered Level 5 of the Dungeon
  4305 | D:5      | Reached skill level 9 in Ranged Weapons
  4358 | D:5      | Reached * piety under Okawaru
  4359 | D:5      | Reached XP level 7. HP: 34/56 MP: 4/6
  4617 | D:5      | Reached skill level 10 in Ranged Weapons
  4775 | D:5      | Noticed Pikel
  4793 | D:5      | Killed Pikel
  4793 | D:5      | Reached ** piety under Okawaru
  4794 | D:5      | Reached skill level 11 in Ranged Weapons
  4794 | D:5      | Reached XP level 8. HP: 47/62 MP: 4/7
  5049 | D:5      | Reached skill level 12 in Ranged Weapons
  5752 | D:6      | Found a bloodstained altar of Trog.
  6752 | D:7      | Reached skill level 13 in Ranged Weapons
  6833 | D:7      | Reached XP level 9. HP: 56/68 MP: 6/8
  7009 | D:7      | Reached *** piety under Okawaru
  7573 | D:8      | Noticed a two-headed ogre
  8167 | D:8      | Reached skill level 14 in Ranged Weapons
  8634 | D:8      | Found a white marble altar of Elyvilon.
  8960 | D:8      | Killed a two-headed ogre
  8961 | D:8      | Reached skill level 15 in Ranged Weapons
  9406 | D:9      | Reached XP level 10. HP: 36/74 MP: 4/9
  9413 | D:9      | Reached skill level 16 in Ranged Weapons
  9846 | D:9      | Reached skill level 1 in Armour
  9849 | D:9      | Reached **** piety under Okawaru
  9853 | D:9      | Reached skill level 1 in Invocations
 10243 | D:9      | Found a staircase to the Lair.
 10274 | D:9      | Noticed a boulder beetle
 10283 | D:9      | HP: 3/77 [boulder beetle (17)]
 10284 | D:9      | Slain by a boulder beetle

Illustrated notes

Levels and vault maps discovered:
D:1:      roderic_dead_forest, layout_basic, chequers_ecumenical_altar_island,
          minmay_tripent
D:2:      wad_woods_stonehenge, layout_basic, basic_altar
D:3:      layout_rooms
D:4:      layout_loops_corners, nemelex_xobeh_ov_fountains_minmay,
          temple_doors_e, gammafunk_ghost_cemetery, uniq_eustachio
D:5:      layout_basic, st_stairs_3, uniq_pikel
D:6:      nicolae_BIG_FREAKIN_CUBE, layout_basic, amcnicky_altar_gilded
D:7:      layout_cave_pods
D:8:      layout_loops_ring, elyvilon_altar_5
D:9:      layout_basic, grunt_lair_entry_orc_guard_hut, nzn_sisyphean_effort
Temple:   mainiacjoe_temple_coin_purse

Skill      XL: |  1  2  3  4  5  6  7  8  9 10 |
---------------+-------------------------------+-----
Ranged Weapons | 5 6 7 8 9 11 13 15 16 | 16.1
Armour         | 1 |  1.9
Fighting       | 3 |  3.3
Invocations    | 1 |  1.5
Dodging        | |  2.3
Stealth        | |  0.9

Action                   |  1- 3 |  4- 6 |  7- 9 | 10-12 || total
-------------------------+-------+-------+-------+-------++-------
 Fire: Shortbow          |   126 |   143 |   281 |    81 ||   631
Invok: Heroism           |       |       |    16 |       ||    16
       Finesse           |       |       |       |     1 ||     1
  Use: Scroll            |       |    12 |     7 |     1 ||    20
       Potion            |       |       |     1 |     3 ||     4
Armor: Ring mail         |    24 |    20 |    31 |     3 ||    78
Dodge: Dodged            |    48 |    36 |    97 |     4 ||   185
